 Dungeon Crawl Stone Soup version 0.21.1-1-g345015fe64 (webtiles) character file.

2114 Htamos the Cleaver (level 9, -5/86 HPs)
             Began as a Hill Orc Monk on July 16, 2018.
             Was an Elder of Okawaru.
             Slain by a troll (6 damage)
             ... on level 9 of the Dungeon.
             The game lasted 00:16:15 (9001 turns).

Htamos the Cleaver (Hill Orc Monk)                  Turns: 9001, Time: 00:16:15

Health: -5/86      AC: 13    Str: 14    XL:     9   Next: 29%
Magic:  9/9        EV: 12    Int: 10    God:    Okawaru [****..]
Gold:   335        SH:  3    Dex: 18    Spells: 8/8 levels left

rFire    . . .     SeeInvis .   a - +1 hand axe
rCold    . . .     Gourm    .   (no shield)
rNeg     + . .     Faith    .   d - +0 ring mail
rPois    .         Spirit   .   e - +2 helmet
rElec    .         Reflect  +   o - +2 cloak
rCorr    .         Harm     .   x - +1 pair of gloves
MR       .....                  (no boots)
Stlth    +.........             k - +3 amulet of reflection
HPRegen  0.24/turn              K - ring of positive energy
MPRegen  0.11/turn              j - +2 ring of dexterity

@: hasted, very quick
A: no striking features
a: Heroism, Renounce Religion, Convert to Beogh


You were on level 9 of the Dungeon.
You worshipped Okawaru.
Okawaru was greatly pleased with you.
You were not hungry.

You visited 1 branch of the dungeon, and saw 9 of its levels.
You also visited: Sewer.

You collected 423 gold pieces.
You spent 88 gold pieces at shops.

Inventory:

Hand Weapons
 a - a +1 hand axe (weapon)
 v - a +0 dagger of venom
Armour
 b - a +0 robe
 d - a +0 ring mail (worn)
 e - a +2 helmet (worn)
 o - a +2 cloak (worn)
 x - a +1 pair of gloves (worn)
Jewellery
 j - a +2 ring of dexterity (right hand)
 k - a +3 amulet of reflection (around neck)
 p - an uncursed ring of protection from magic
 t - an uncursed ring of positive energy
 D - an uncursed ring of stealth
 F - an uncursed ring of flight
 K - a ring of positive energy (left hand)
Wands
 q - a wand of digging (2)
 G - a wand of random effects (13)
 N - a wand of acid (4)
Scrolls
 g - 6 scrolls of teleportation
 h - 4 scrolls of fog
 l - 3 scrolls of amnesia
 s - 2 scrolls of enchant armour
 u - 2 scrolls of fear
 w - 3 scrolls of magic mapping
 C - a scroll of blinking {unknown}
 E - 6 scrolls of remove curse
 H - a scroll of enchant weapon
 J - a scroll of vulnerability {unknown}
Potions
 f - a potion of haste
 m - a potion of ambrosia
 n - 2 potions of lignification {unknown}
 r - a potion of invisibility {unknown}
 z - 4 potions of magic
 A - 4 potions of brilliance
 B - 2 potions of heal wounds {unknown}
 I - a potion of might {unknown}
 M - a potion of agility
 O - a potion of degeneration {unknown}
Comestibles
 c - 13 rations
 i - 5 chunks of flesh


   Skills:
 + Level 10.6 Fighting
 + Level 11.5 Axes
 - Level 2.4 Dodging
 - Level 1.5 Stealth


You had 8 spell levels left.
You didn't know any spells.

Dungeon Overview and Level Annotations

Branches:
Dungeon (9/15)             Temple (0/1) D:5
   Lair: D:8-11         Orc: D:9-12

Altars:
Gozag
Hepliaklqana
Okawaru

Shops:
D:4 *


Message History

The troll bites you but does no damage. The troll claws you.
* * * LOW HITPOINT WARNING * * *
The troll closely misses you.
You hit the troll.
The troll is almost dead.
The troll bites you!
* * * LOW HITPOINT WARNING * * *
The troll claws you but does no damage. The troll claws you.
* * * LOW HITPOINT WARNING * * *
You hit the troll but do no damage.
The troll is almost dead.
The troll misses you. The troll claws you!
* * * LOW HITPOINT WARNING * * *
The troll claws you.
* * * LOW HITPOINT WARNING * * *
Unknown command.
You feel yourself speed up.
The orc priest looks satisfied for a moment.
The troll bites you.
You die...

.o ######.## #.. .##
(.......# #.# ..#
........# #.# ...##
........# #T# ....#
........# #.#.....#
........# #######.#....#
........####....@To.....#
.............#####.#...##
........###### #.# .#
##.###### #o# #.# #.#
#.## #.o #..# ##. ##.# #
#.#


You could see a troll and an orc priest.

Vanquished Creatures
  A spriggan (D:8)
  A hungry ghost (D:7)
  An orc warrior (D:8)
  A sky beast (D:8)
  2 ice beasts
  A necrophage (D:9)
  An ogre (D:4)
  A centaur (D:8)
  4 bullfrogs
  2 scorpions (D:7)
  3 wights (D:8)
  2 crimson imps (D:5)
  2 hounds
  2 orc priests (D:3)
  Crazy Yiuf (D:2)
  An iguana (D:7)
  2 orc wizards (D:4)
  2 worker ants
  A hound skeleton (D:2)
  14 adders
  3 gnolls
  6 river rats
  4 worms
  A dart slug (D:1)
  7 leopard geckos
  22 orcs
  16 ball pythons
  3 bats
  3 giant cockroaches
  A goblin (D:3)
  7 hobgoblins
  7 jackals
  4 quokkas
  2 frilled lizards (Sewer)
  4 kobolds (D:3)
  A leopard gecko zombie (D:7)
  34 rats
170 creatures vanquished.

Vanquished Creatures (others)
  The ghost of JarielCorvus the Magician, a weakling DEWz (D:3)
  A goblin (D:3)
2 creatures vanquished.

Grand Total: 172 creatures vanquished

Notes
Turn   | Place    | Note
-------+----------+-------------------------------------------
     0 | D:1      | Htamos the Hill Orc Monk began the quest for the Orb.
     0 | D:1      | Reached XP level 1. HP: 19/19 MP: 1/1
   296 | D:1      | Reached XP level 2. HP: 27/27 MP: 2/2
  1290 | D:1      | Reached XP level 3. HP: 34/34 MP: 3/3
  1298 | D:2      | Reached skill level 5 in Axes
  1382 | D:2      | Found an iron altar of Okawaru.
  1417 | D:2      | Became a worshipper of Warmaster Okawaru
  1417 | D:2      | Reached * piety under Okawaru
  1417 | D:2      | Reached ** piety under Okawaru
  1439 | D:2      | Reached XP level 4. HP: 38/41 MP: 4/4
  1508 | D:2      | Reached skill level 5 in Fighting
  1598 | D:2      | You fall through a shaft!
  1832 | D:2      | Found a runed door.
  2183 | D:2      | Noticed Crazy Yiuf
  2194 | D:2      | Killed Crazy Yiuf
  2194 | D:2      | Reached XP level 5. HP: 14/48 MP: 2/5
  2584 | D:3      | Noticed JarielCorvus's ghost (weakling DEWz)
  2881 | D:3      | Killed JarielCorvus's ghost
  2881 | D:3      | Reached skill level 6 in Axes
  3327 | D:3      | Reached XP level 6. HP: 22/57 MP: 6/6
  3989 | D:4      | Reached skill level 7 in Axes
  4446 | D:4      | Found a glowing drain.
  4451 | Sewer    | Entered a sewer
  4708 | Sewer    | Reached XP level 7. HP: 53/66 MP: 7/7
  4932 | Sewer    | Reached skill level 8 in Axes
  5392 | D:4      | Found Pone's Assorted Antiques.
  5402 | D:4      | Bought a shiny lead wand for 88 gold pieces
  5770 | D:5      | Entered Level 5 of the Dungeon
  5952 | D:5      | Found a staircase to the Ecumenical Temple.
  6379 | D:5      | Found an opulent altar of Gozag.
  6390 | D:5      | Reached *** piety under Okawaru
  6390 | D:5      | Reached skill level 9 in Axes
  6390 | D:5      | Reached XP level 8. HP: 75/75 MP: 8/8
  6473 | D:6      | Found a hazy altar of Hepliaklqana.
  7792 | D:7      | Reached skill level 10 in Axes
  8588 | D:8      | Reached skill level 10 in Fighting
  8588 | D:8      | Reached XP level 9. HP: 82/85 MP: 9/9
  8669 | D:8      | Reached skill level 11 in Axes
  8867 | D:8      | Reached **** piety under Okawaru
  8968 | D:9      | Noticed a troll
  9000 | D:9      | HP: 1/86 [troll (5)]
  9001 | D:9      | Slain by a troll

Skill      XL: |  1  2  3  4  5  6  7  8  9 |
---------------+----------------------------+-----
Fighting       | 4 5 6 7 8 10 | 10.6
Axes           | 5 6 7 9 10 11 | 11.5
Dodging        | |  2.4
Stealth        | |  1.5

Action                   |  1- 3 |  4- 6 |  7- 9 || total
-------------------------+-------+-------+-------++-------
Melee: Hand axe          |    82 |   290 |   401 ||   773
       Punch             |       |     1 |       ||     1
       Dagger            |       |       |    27 ||    27
Invok: Heroism           |       |     3 |     2 ||     5
  Use: Scroll            |     2 |     6 |     9 ||    17
       Potion            |       |     2 |     8 ||    10
 Stab: Sleeping          |       |       |     1 ||     1
  Eat: Chunk             |     2 |    10 |    10 ||    22
       Ration            |       |       |     2 ||     2
Armor: Ring mail         |    24 |   107 |   154 ||   285
Dodge: Dodged            |    70 |   165 |   190 ||   425
Block: Other             |       |    29 |    38 ||    67
       Reflection        |       |     1 |       ||     1
